 Dungeon Crawl Stone Soup version 0.26-a0-547-g695e311587 (webtiles) character file.

Game seed: 1130697850835526795

2566 pino the Reanimator (level 9, -11/59 HPs)
             Began as a Demonspawn Necromancer on Aug 19, 2020.
             Was an Initiate of Yredelemnul.
             Mangled by a two-headed ogre
             ... wielding a +0 giant spiked club
              (17 damage)
             ... on level 8 of the Dungeon on Aug 20, 2020.
             The game lasted 00:51:47 (10355 turns).

pino the Reanimator (Demonspawn Necromancer)       Turns: 10355, Time: 00:51:48

Health: -11/59     AC:  9    Str:  8    XL:     9   Next: 31%
Magic:  0/21       EV: 13    Int: 22    God:    Yredelemnul [......]
Gold:   359        SH:  0    Dex: 21    Spells: 15/24 levels left

rFire    . . .     SeeInvis +   y - +5 long sword "Demonspawn's Regret" {freeze, rElec Int+3 Dex+4}
rCold    . . .     Faith    .   (no shield)
rNeg     . . .     Spirit   +   f - +0 ring mail
rPois    .         Reflect  .   h - +2 helmet of Wisdom {Dex+2}
rElec    +         Harm     .   (no cloak)
rCorr    .                      c - +0 pair of gloves
MR       .....                  (no boots)
Stlth    +++.......             (no amulet)
HPRegen  0.19/turn              m - ring of see invisible
MPRegen  0.34/turn              (no ring)

@: marked
A: magic shield, magic regeneration, rot immunity, sturdy frame 3
a: Renounce Religion


You were on level 8 of the Dungeon.
You worshipped Yredelemnul.
Yredelemnul was noncommittal.
You visited 2 branches of the dungeon, and saw 9 of its levels.

You collected 359 gold pieces.

Inventory:

Hand Weapons
 j - a +0 hunting sling
 y - the +5 long sword "Demonspawn's Regret" (weapon) {freeze, rElec Int+3 Dex+4}
   (You found it on level 4 of the Dungeon)

   It has been specially enchanted to freeze those struck by it, causing extra
   injury to most foes and up to half again as much damage against particularly
   susceptible opponents.
   It can also slow down cold-blooded creatures.
   It affects your intelligence (+3).
   It affects your dexterity (+4).
   It insulates you from electricity.
Missiles
 k - 219 stones (quivered)
 u - 46 sling bullets
Armour
 c - a +0 pair of gloves (worn)
 f - a +0 ring mail (worn)
 h - the +2 helmet of Wisdom (worn) {Dex+2}
   (You took it off Robin on level 1 of the Dungeon)

   It affects your dexterity (+2).
Jewellery
 m - a ring of see invisible (left hand)
Wands
 r - a wand of random effects (15)
 B - a wand of enslavement (7)
 D - a wand of disintegration (22)
Scrolls
 b - 3 scrolls of identify
 d - 4 scrolls of enchant armour
 e - 2 scrolls of enchant weapon
 g - 2 scrolls of magic mapping
 l - a scroll of remove curse {unknown}
 p - 2 scrolls of fog
 s - a scroll of blinking {unknown}
 x - a scroll of amnesia {unknown}
 C - a scroll of teleportation {unknown}
Potions
 a - 2 potions of flight
 i - a potion of might
 n - a potion of cancellation {unknown}
 o - a potion of stabbing {unknown}
 q - a potion of brilliance {unknown}
 t - a potion of degeneration {unknown}
 v - 2 potions of curing
 w - 2 potions of invisibility
 z - a potion of magic {unknown}
 A - a potion of mutation {unknown}
 E - a potion of haste
 F - a potion of berserk rage


   Skills:
 + Level 1.5 Fighting
 + Level 2.4 Long Blades
   Level 0.7 Maces & Flails
 + Level 2.5 Dodging
 + Level 3.0 Stealth
 + Level 8.2 Spellcasting
 + Level 9.6 Necromancy


You had 15 spell levels left.
You knew the following spells:

 Your Spells              Type           Power        Failure   Level
a - Animate Skeleton      Necr           ######       1%          1
s - Animate Dead          Necr           ######....   1%          4
x - Vampiric Draining     Necr           ######....   1%          3
z - Pain                  Necr           ####         1%          1

Your spell library contained the following spells:

 Spells                   Type           Power        Failure   Level
 Agony                    Necr           ######..     3%          5
 Foxfire                  Conj/Fire      #...         8%          1
 Conjure Flame            Conj/Fire      #.......     22%         3
 Inner Flame              Hex/Fire       #.......     22%         3
 Sticky Flame             Conj/Fire      #.......     58%         4
 Fireball                 Conj/Fire      #.........   90%         5


Dungeon Overview and Level Annotations

Branches:
Dungeon (8/15)             Temple (1/1) D:6
   Lair: D:8-11

Altars:
Ashenzari
Cheibriados
Dithmenos
Elyvilon
Fedhas
Gozag
Hepliaklqana
Kikubaaqudgha
Makhleb
Nemelex Xobeh
Okawaru
Qazlal
Ru
Sif Muna
Trog
Uskayaw
Vehumet
Wu Jian
Xom
Yredelemnul
Zin
The Shining One

Shops:
D:8 }(

Annotations:
D:4 3 runed translucent doors, ANON1729's ghost, amateur OgAM


Innate Abilities, Weirdness & Mutations

When hurt, damage is shared between your health and your magic reserves.
You regenerate magic rapidly.
You are immune to rotting.
Your movements are significantly less encumbered by armour. (ER -6)


Message History

The two-headed ogre is almost dead.
The two-headed ogre hits you with a cursed -2 dire flail.
Casting: Vampiric Draining (safe; 1% risk of failure)
Confirm with . or Enter, or press ? or * to list all spells.
You don't have enough magic to cast that spell.
Casting: Vampiric Draining (safe; 1% risk of failure)
Confirm with . or Enter, or press ? or * to list all spells.
Aiming: Pain (safe; 1% risk of failure)
Press: ? - help, Shift-Dir - straight line, f/p - two-headed ogre
Aim: a two-headed ogre, wielding a +0 giant spiked club and a -2 dire flail (almost dead, chance to defeat MR: 71%)
The two-headed ogre struggles to resist.
The hippogriff bites you.
* * * LOW HITPOINT WARNING * * *
The hippogriff pecks you.
* * * LOW HITPOINT WARNING * * *
The hippogriff claws you.
* * * LOW HITPOINT WARNING * * *
The two-headed ogre hits you with a +0 giant spiked club!
You die...
Your body rises from the dead as a mindless zombie.

#....#.....#
#........
######.....##
#......##
#..#.......#
#..##..##
#..#.......#
##+##.∩..#
#..'.......#
#........+
####.......#
#.......##
##......#
##..##..##
#.HO...#
######....
#..@...#
#....#....
#......#
#....'....
#......#
#....#....
#......#
##########
###+#.[..
#... ....+
#... ....#
#... ....#
#... #...


You could see a two-headed ogre and a hippogriff.

Vanquished Creatures
  3 orc warriors
  An ice beast (D:7)
  2 black bears (D:6)
  2 sky beasts
  3 ogres
  A necrophage (D:5)
  A crocodile (D:8)
  2 bullfrogs
  A wyvern skeleton (D:6)
  2 scorpions
  A howler monkey (D:5)
  A bullfrog zombie (D:6)
  2 jellies (D:6)
  4 hounds
  2 orc priests
  A centaur skeleton (D:6)
  3 iguanas
  13 orc wizards
  Jessica (D:2)
  Natasha (thrice) (D:3)
  A worker ant (D:7)
  A killer bee zombie (D:5)
  A hound skeleton (D:7)
  Robin (D:1)
  7 adders
  A shadow imp (D:5)
  An ufetubus (D:5)
  An adder skeleton (D:7)
  A worm (D:4)
  2 dart slugs (D:1)
  4 leopard geckos
  21 orcs
  9 bats
  7 giant cockroaches
  22 goblins
  6 hobgoblins
  7 jackals
  3 quokkas
  2 ball pythons
  2 frilled lizards
  5 kobolds
  A leopard gecko zombie (D:7)
  A quokka skeleton (D:8)
  19 rats
175 creatures vanquished.

Vanquished Creatures (collateral kills)
  An adder skeleton (D:2)
  An orc (D:7)
  A ball python (D:4)
  A quokka (D:8)
  A frilled lizard (D:4)
  2 rats (D:4)
7 creatures vanquished.

Grand Total: 182 creatures vanquished

Notes
Turn   | Place    | Note
-------+----------+-------------------------------------------
     0 | D:1      | pino the Demonspawn Necromancer began the quest for the
                  | Orb.
     0 | D:1      | Reached XP level 1. HP: 13/13 MP: 3/3
    42 | D:1      | Learned a level 1 spell: Animate Skeleton
   309 | D:1      | Gained mutation: When hurt, damage is shared between your
                  | health and your magic reserves. [demonic ancestry]
   309 | D:1      | Reached XP level 2. HP: 18/19 MP: 1/5
  1072 | D:2      | Identified the +2 helmet of Wisdom {Dex+2}
  1072 | D:2      | Noticed Robin
  1312 | D:2      | Noticed Jessica
  1318 | D:2      | Killed Jessica
  1318 | D:2      | Reached skill level 5 in Necromancy
  1318 | D:2      | Gained mutation: Your movements are slightly less
                  | encumbered by armour. (ER -2) [demonic ancestry]
  1318 | D:2      | Reached XP level 3. HP: 22/24 MP: 2/7
  1692 | D:2      | Gained mutation: Your movements are less encumbered by
                  | armour. (ER -4) [demonic ancestry]
  1692 | D:2      | Reached XP level 4. HP: 25/30 MP: 1/8
  1787 | D:1      | Killed Robin
  2077 | D:2      | Found a sacrificial altar of Ru.
  2431 | D:2      | Found a faded altar of an unknown god.
  2442 | D:2      | Gained mutation: Your movements are significantly less
                  | encumbered by armour. (ER -6) [demonic ancestry]
  2442 | D:2      | Reached XP level 5. HP: 31/35 MP: 3/10
  2727 | D:3      | Noticed Natasha
  2737 | D:3      | Killed Natasha
  3151 | D:3      | Noticed Natasha
  3157 | D:3      | Upgraded the game from 0.26-a0-546-g3c2127501a to
                  | 0.26-a0-547-g695e311587
  3164 | D:3      | Killed Natasha
  3164 | D:3      | Reached skill level 6 in Necromancy
  3169 | D:3      | Learned a level 3 spell: Vampiric Draining
  3219 | D:3      | Noticed Natasha
  3225 | D:3      | Killed Natasha
  3272 | D:3      | Noticed a sky beast
  3287 | D:3      | Killed a sky beast
  3287 | D:3      | Reached XP level 6. HP: 39/42 MP: 1/12
  3375 | D:3      | Learned a level 4 spell: Animate Dead
  4224 | D:4      | Found a runed translucent gate.
  4224 | D:4      | Found a runed translucent gate.
  4225 | D:4      | Found a runed translucent gate.
  4226 | D:4      | Noticed ANON1729's ghost (amateur OgAM)
  4572 | D:4      | Got a polished long sword
  4573 | D:4      | Identified the +5 long sword "Demonspawn's Regret" {freeze,
                  | rElec Int+3 Dex+4} (You found it on level 4 of the Dungeon)
  4614 | D:4      | Reached skill level 5 in Spellcasting
  4806 | D:4      | Reached XP level 7. HP: 45/47 MP: 3/14
  5157 | D:5      | Entered Level 5 of the Dungeon
  5344 | D:5      | Reached skill level 7 in Necromancy
  6146 | D:5      | Found a glowing silver altar of Zin.
  6146 | D:5      | Found a radiant altar of Vehumet.
  6245 | D:5      | Reached skill level 1 in Long Blades
  6625 | D:5      | Found a shimmering altar of Xom.
  6774 | D:6      | Gained mutation: You are immune to rotting. [demonic
                  | ancestry]
  6774 | D:6      | Reached XP level 8. HP: 40/53 MP: 11/17
  7125 | D:5      | Reached skill level 1 in Fighting
  7452 | D:6      | Found an iron altar of Okawaru.
  7461 | D:6      | Reached skill level 8 in Necromancy
  7828 | D:6      | Found a sparkling altar of Nemelex Xobeh.
  7875 | D:6      | Found an opulent altar of Gozag.
  8518 | D:6      | Found a staircase to the Ecumenical Temple.
  8523 | Temple   | Entered the Ecumenical Temple
  8713 | Temple   | Became a worshipper of Yredelemnul the Dark
  9075 | D:7      | Gained mutation: You regenerate magic rapidly. [demonic
                  | ancestry]
  9075 | D:7      | Reached XP level 9. HP: 55/59 MP: 14/20
  9079 | D:7      | Reached skill level 9 in Necromancy
  9931 | D:7      | Found a snail-covered altar of Cheibriados.
  9932 | D:7      | Found a stormy altar of Qazlal.
 10094 | D:8      | Found Vysamp's Antique Weapon Shop.
 10239 | D:8      | Found Kicucufe's Gadget Shop.
 10339 | D:8      | Noticed a two-headed ogre
 10355 | D:8      | Mangled by a two-headed ogre

Illustrated notes

Levels and vault maps discovered:
D:1:      wander_arrival_lonely_grave, layout_basic, minivault_27
D:2:      layout_rooms, nicolae_ru_great_annihilating_truth,
          chequers_ecumenical_altar_simple, uniq_robin, uniq_jessica
D:3:      kennysheep_the_goblin_king, layout_rooms, uniq_natasha
D:4:      layout_loops_corners, gammafunk_ghost_necromancy, minmay_rat_hole,
          uniq_crazy_yiuf_cottage
D:5:      layout_loops_corners, nicolae_overflow_hidden_temple,
          gammafunk_temple_overflow_elements,
          minmay_a_box_with_orc_wizards_in_it
D:6:      layout_basic, grunt_temple_overflow_opulence,
          nicolae_overflow_crystal_walls, minmay_temple_entry_nine_rooms
D:7:      layout_cave_pools, gammafunk_temple_overflow_statue, serial_park,
          serial_park_tiny_1, serial_park_avenue1, serial_park_gazebo
          [serial_park_minivault_5x5_8], serial_park_tiny_1,
          serial_park_tiny_pond, grunt_ministairs_11
D:8:      layout_gridville, serial_shops, shop, shop, nicolae_shop_stone,
          nicolae_shop_stone, shop, kennysheep_flooded_box, uniq_gastronok
Temple:   nicolae_temple_figure_eight

Skill      XL: |  1  2  3  4  5  6  7  8  9 |
---------------+----------------------------+-----
Stealth        | 2 3 |  3.0
Necromancy     | 5 6 7 8 9 |  9.6
Spellcasting   | 3 4 5 6 7 8 |  8.2
Dodging        | 2 |  2.5
Long Blades    | 1 2 |  2.4
Fighting       | 1 |  1.5
Maces & Flails | |  0.7

Action                   |  1- 3 |  4- 6 |  7- 9 || total
-------------------------+-------+-------+-------++-------
Melee: Club              |     7 |    38 |       ||    45
       Long sword        |       |     1 |    69 ||    70
Throw: Stone             |       |     4 |     3 ||     7
 Cast: Pain              |    48 |   131 |   175 ||   354
       Animate Skeleton  |     6 |    37 |     3 ||    46
       Vampiric Draining |       |     1 |    26 ||    27
       Animate Dead      |       |     5 |    20 ||    25
  Use: Potion            |     2 |       |       ||     2
       Scroll            |       |       |    10 ||    10
 Stab: Sleeping          |       |       |     1 ||     1
       Distracted        |       |       |     1 ||     1
Armor: Robe              |     2 |    26 |    17 ||    45
       Ring mail         |       |       |    32 ||    32
Dodge: Dodged            |    15 |    83 |   114 ||   212
       Rpst.: Long sword |       |       |    33 ||    33

Table legend: (Time is in decaauts)
 A = Elapsed time spent in this place.
 B = Non-inter-level travel time spent in this place.
 C = Inter-level travel time spent in this place.
 D = Time resting spent in this place.
 E = Time spent auto-exploring this place.
 F = Levels seen in this place.
 G = Mean time per level.
                   A        B        C        D        E       F      G
               +--------+--------+--------+--------+--------+-----+--------+
         Total |  10415 |  10056 |    359 |   2539 |   5447 |   9 | 1157.2 |
       Dungeon |  10211 |   9865 |    346 |   2539 |   5265 |   8 | 1276.4 |
        Temple |    204 |    191 |     13 |      0 |    182 |   1 |  204.0 |
               +--------+--------+--------+--------+--------+-----+--------+

Top non-repeatable levels by time:
     D:5: 2142 daAuts
     D:4: 1593 daAuts
     D:1: 1580 daAuts
     D:6: 1314 daAuts
     D:3: 1027 daAuts
     D:7: 992 daAuts
     D:2: 989 daAuts
     D:8: 570 daAuts
  Temple: 204 daAuts
